cohdb
Replays
Latest Replays
All Replays
Popular Replays
Top Player Replays
Match Explorer
How It Works
Community
CoH3 Stats
Reddit
Sign in to upload your games and track your stats! →
Sign in with Steam
Match 39214216
Unlisted
Match 39214216
Overview
Messages
Build Orders
End
Selects Italian Coastal Battlegroup
Selects Italian Coastal Battlegroup
Selects Coastal Reserves
Coastal Reserve
Coastal Reserve
Construct Infanterie Kompanie
GrW 34 Mortar Team
Coastal Reserve
MG 42 Machine Gun Team
Construct Luftwaffe Kompanie
Jäger Squad
Selects Artillery Officer
221 Scout Car
Artillery Officer
Selects Support Bunkers
Selects Rapid Fortifications
Rapid Fortifications
Medical Bunker
Anti-tank Bunker
Construct Panzer Kompanie
Rapid Fortifications
Panzer IV Medium Tank
Selects Bulwark
Pioneer Squad
Panzer IV Medium Tank
Selects Obice da 210/22 Artillery Emplacement
Jäger Squad
Side Skirts
Pioneer Squad
Rapid Fortifications
MG 42 Bunker
Sturmpanzer IV Brummbär
Rapid Fortifications
Pioneer Squad
Panzer IV Medium Tank
Bad.Commissar
M1k3H4lt0n
ImNotProPlayerr
STALKER4732
kit.ohume
Devochkin
0
0
Comments
sign in to comment!
No comments posted yet!